 Dungeon Crawl Stone Soup version 0.29.1-13-g9f3cf754e1 (webtiles) character file.

Game seed: 16459481863294426148

112 DemonSlayer the Digger (level 4, -6/45 HPs)
             Began as a Demonspawn Earth Elementalist on Jan 29, 2023.
             Mangled by Edmund
             ... wielding a +1 dire flail of holy wrath
              (9 damage)
             ... on level 4 of the Dungeon.
             The game lasted 00:07:35 (3108 turns).

DemonSlayer the Digger (DsEE)                       Turns: 3108, Time: 00:07:36

Health: -6/45      AC: 13    Str: 11    XL:     4   Next: 64%
Magic:  8/8        EV: 11    Int: 16    God:
Gold:   184        SH:  0    Dex: 13    Spells: 1/9 levels left

rFire   + . .      SeeInvis .   b - +0 dagger
rCold   + . .      Faith    .   (no shield)
rNeg    . . .      Spirit   .   l - +0 leather armour
rPois   +          Reflect  .   (no helmet)
rElec   .          Harm     .   j - +2 cloak {rPois}
rCorr   .          Rampage  .   x - +0 pair of gloves
Will    .....                   (no boots)
Stlth   ..........              r - amulet of magic regeneration
HPRegen 0.15/turn               i - ring of protection from fire
MPRegen 0.51/turn               y - ring of protection from cold

@: berserking, sanguine armoured, very quick
A: claws 1, powered by pain 1, sanguine armour 1
a: no special abilities


You were on level 4 of the Dungeon.
You visited 1 branch of the dungeon, and saw 4 of its levels.

You collected 184 gold pieces.

Inventory:

Hand Weapons
 b - a +0 dagger (weapon)
Missiles
 h - a throwing net
 k - 3 javelins
Armour
 j - a +2 cloak of poison resistance (worn)
 l - a +0 leather armour (worn)
 x - a +0 pair of gloves (worn)
Jewellery
 i - a ring of protection from fire (left hand)
 r - an amulet of magic regeneration (around neck)
 y - a ring of protection from cold (right hand)
Wands
 v - a wand of mindburst (8)
 w - a wand of flame (25)
Scrolls
 e - a scroll of immolation {unknown}
 f - a scroll of butterflies {unknown}
 g - 5 scrolls of identify {unknown}
 s - a scroll of vulnerability {unknown}
 t - a scroll of brand weapon {unknown}
 B - a scroll of torment {unknown}
Potions
 a - a potion of resistance {unknown}
 c - a potion of flight {unknown}
 m - a potion of heal wounds {unknown}
 n - 2 potions of curing {unknown}
 o - a potion of brilliance {unknown}
 p - a potion of cancellation {unknown}
 q - a potion of lignification {unknown}
 u - a potion of degeneration {unknown}
 z - a potion of magic


   Skills:
 + Level 0.1 Fighting
 + Level 0.7 Short Blades
 + Level 0.5 Armour
 + Level 1.8 Dodging
 + Level 2.4 Stealth
 + Level 3.1 Spellcasting
 + Level 1.1 Transmutations
 + Level 3.5 Earth Magic


You had one spell level left.
You knew the following spells:

 Your Spells              Type           Power      Damage    Failure   Level
a - Sandblast             Erth           26%        2d8       6%          1
b - Stone Arrow           Conj/Erth      16%        3d8       34%         3
c - Petrify               Tmut/Erth      9%         N/A       67%         4

Your spell library contained the following spells:

 Spells                   Type           Power      Damage    Failure   Level
 Passwall                 Tmut/Erth      7%         N/A       14%         2
 Animate Dead             Necr           2%         N/A       94%         4
 Haunt                    Necr/Summ      1%         N/A       100%        7
 Infestation              Necr           1%         N/A       100%        8


Dungeon Overview and Level Annotations

Branches:
Dungeon (4/15)
 Temple: D:4-7

Altars:
Dithmenos
Vehumet

Shops:
D:1 !([(=   D:3 *

Annotations:
D:4 Edmund


Innate Abilities, Weirdness & Mutations

You have sharp fingernails.
You sometimes gain a little power by taking damage.
When seriously injured, your blood forms armour. (AC +6)


Message History

Confirm with . or Enter, or press ? or * to list all spells.
Aiming: Sandblast (safe; 6% risk of failure)
Press: ? - help, Shift-Dir - straight line, f/p - Edmund
Aim: Edmund, wielding a +1 dire flail of holy wrath and wearing a +0 leather armour (moderately wounded, 82% to hit)
The blast of sand misses Edmund.
Edmund closely misses you.
Casting: Sandblast (safe; 6% risk of failure)
Confirm with . or Enter, or press ? or * to list all spells.
Aiming: Sandblast (safe; 6% risk of failure)
Press: ? - help, Shift-Dir - straight line, f/p - Edmund
Aim: Edmund, wielding a +1 dire flail of holy wrath and wearing a +0 leather armour (moderately wounded, 82% to hit)
Okay, then.
Casting: Sandblast (safe; 6% risk of failure)
Confirm with . or Enter, or press ? or * to list all spells.
Okay, then.
Unknown command.
A red film seems to cover your vision as you go berserk!
You feel yourself moving faster!
You feel mighty!
Edmund hits you with a +1 dire flail of holy wrath.
* * * LOW HITPOINT WARNING * * *
You convulse.
* * * LOW HITPOINT WARNING * * *
You puncture Edmund!
Edmund is heavily wounded.
Edmund hits you but does no damage.
You hit Edmund.
Edmund is heavily wounded.
You hit Edmund.
Edmund is severely wounded.
Edmund barely misses you.
You barely miss Edmund.
Edmund is severely wounded.
You barely miss Edmund.
Edmund is severely wounded.
Edmund closely misses you.
You barely miss Edmund.
Edmund is severely wounded.
Edmund hits you with a +1 dire flail of holy wrath.
* * * LOW HITPOINT WARNING * * *
You convulse!
You die...

.....(...# #.#
######...### #.#
#.......## #.#
#........###.########
#............##.....#
#.#...##.##..##.....#
#.#...##.#..........#
...#####.#..#.#.....#
##.. #@#..#.#.....####
#......@....#.###......##
.###.......#.######.....
#.##.....>....##.#=## #.
####.#.# #.#...... #
#.#.# #..#.#.#. #.
#........ .. #.#
##.#.#.#. .... #.#
##......


You could see Edmund.

Vanquished Creatures
  4 adders (D:3)
  An ufetubus (D:4)
  A worm (D:3)
  2 dart slugs (D:2)
  An orc (D:4)
  6 endoplasms
  5 giant cockroaches
  5 goblins
  8 hobgoblins
  6 kobolds
  2 quokkas (D:1)
  6 ball pythons
  5 bats
  2 frilled lizards (D:1)
  8 rats
62 creatures vanquished.

Notes
Turn   | Place    | Note
-------+----------+-------------------------------------------
     0 | D:1      | DemonSlayer the Demonspawn Earth Elementalist began the
                  | quest for the Orb.
     0 | D:1      | Reached XP level 1. HP: 13/13 MP: 3/3
    65 | D:1      | Reached skill level 1 in Transmutations
   208 | D:1      | Found Muyl's Distillery.
   284 | D:1      | Gained mutation: When seriously injured, your blood forms
                  | armour. (AC +6) [demonic ancestry]
   284 | D:1      | Reached XP level 2. HP: 19/19 MP: 3/5
   312 | D:1      | Found Syrgh's Armour Shop.
   610 | D:1      | Found Ebrefo's Antique Weapon Shop.
   819 | D:1      | Found Baavvami's Antique Weapon Shoppe.
   878 | D:1      | Found Kicesu's Jewellery Boutique.
  1337 | D:2      | Gained mutation: You have sharp fingernails. [demonic
                  | ancestry]
  1337 | D:2      | Reached XP level 3. HP: 24/24 MP: 3/6
  1353 | D:2      | Found a shadowy altar of Dithmenos.
  1967 | D:2      | Learned a level 3 spell: Stone Arrow
  2217 | D:3      | Gained mutation: You sometimes gain a little power by
                  | taking damage. [demonic ancestry]
  2217 | D:3      | Reached XP level 4. HP: 30/30 MP: 6/8
  2475 | D:3      | Found a radiant altar of Vehumet.
  2606 | D:3      | Found Kozugeil's General Store.
  2923 | D:3      | Learned a level 4 spell: Petrify
  3066 | D:4      | Identified the +1 robe "Giukij" {Harm rF- Will- Regen+}
  3096 | D:4      | Noticed Edmund
  3108 | D:4      | Mangled by Edmund

Illustrated notes

Levels and vault maps discovered:
D:1:      lemuel_arrival_tunnels, layout_loops_cross, serial_shops,
          nicolae_shop_temple_entry_statues_fountains,
          nicolae_shop_competitors_out_of_business, shop, shop, shop_statue
D:2:      layout_basic, basic_altar, kennysheep_flooded_box
D:3:      layout_rooms, vehumet_altar_wand_db, lemuel_round_altar, serial_shops,
          nicolae_lakefront_shop, hangedman_decor_opposing
D:4:      layout_loops_ring, uniq_edmund

Skill      XL: |  1  2  3 |
---------------+----------+-----
Transmutations | 1 |  1.1
Earth Magic    | 3 |  3.5
Stealth        | 2 |  2.4
Spellcasting   | 3 |  3.1
Fighting       | |  0.1
Short Blades   | |  0.7
Armour         | |  0.5
Dodging        | |  1.8

Action                   |  1- 3 |  4- 6 || total
-------------------------+-------+-------++-------
Melee: Club              |     6 |       ||     6
       Dagger            |    11 |    19 ||    30
       Unarmed           |     1 |       ||     1
       Punch             |       |     1 ||     1
 Cast: Sandblast         |    82 |    18 ||   100
  Use: Potion            |     1 |     1 ||     2
 Stab: Sleeping          |     5 |     1 ||     6
Armor: Robe              |     2 |       ||     2
       Leather armour    |    24 |     7 ||    31
Dodge: Dodged            |    37 |    16 ||    53
